Map: [ESL] Data-C

Players

Harstem - Winner!

  • Race: Protoss Protoss
  • Spawn Location: 3:00

DnS

  • Race: Protoss Protoss
  • Spawn Location: 9:00

Event: DreamHack SC2 Masters 2022 Valencia

VOD

Have the link to the VOD?

Description

Time

  • Played on: July 1, 2022, 10:29 a.m.
  • Length: 15:12

All games in this series

Show
View Real Time Build Order
Export as new Build Order

Harstem Protoss - Winner!

Build Orders: Oracle Opening 

Get SALT Encoding   

  12  0:00  Probe  
  13  0:12  Probe  
  14  0:18  Pylon  
  14  0:24  Probe  
  15  0:36  Probe (Chrono Boost)  
  15  0:38  Gateway  
  16  0:47  Probe (Chrono Boost), Assimilator  
  17  0:52  Probe (Chrono Boost)  
  18  0:58  Assimilator  
  18  1:03  Probe (Chrono Boost)  
  19  1:08  Pylon  
  19  1:15  Probe (Chrono Boost)  
  20  1:23  Probe (Chrono Boost)  
  21  1:28  Cybernetics Core  
  21  1:29  Probe  
  22  1:36  Zealot  
  24  1:41  Probe  
  25  1:55  Probe  
  26  2:05  Stargate  
  26  2:07  Stalker  
  28  2:09  Probe  
  29  2:17  Pylon  
  29  2:23  Probe  
  29  2:25  Warp Gate  
  29  2:26  Pylon  
  31  2:46  Oracle (Chrono Boost)  
  33  2:55  Nexus  
  33  2:58  Probe  
  33  3:06  Stalker  
  33  3:10  Probe  
  36  3:20  Pylon  
  36  3:24  Probe  
  37  3:28  Gateway  
  37  3:36  Probe  
  36  3:49  Probe  
  36  3:50  Twilight Council  
  37  4:01  Probe  
  37  4:02  Pylon  
  38  4:09  Probe  
  39  4:12  Stalker  
  39  4:13  Probe  
  42  4:18  Phoenix (Chrono Boost)  
  42  4:22  Probe  
  45  4:25  Stalker  
  45  4:27  Probe  
  48  4:33  Probe  
  48  4:35  Blink (Chrono Boost)  
  47  4:39  Probe  
  47  4:42  Probe  
  48  4:50  Probe  
  48  4:52  Probe  
  50  4:57  Stalker  
  50  4:59  Stalker  
  55  5:01  Probe  
  55  5:05  Probe  
  57  5:13  Probe  
  58  5:15  Gateway  
  58  5:17  Probe, Assimilator  
  59  5:22  Stalker  
  59  5:27  Stalker  
  64  5:29  Pylon  
  64  5:30  Probe  
  64  5:32  Probe  
  65  5:46  Nexus  
  65  5:47  Probe  
  66  5:50  Sentry  
  66  5:51  Probe  
  69  5:59  Probe  
  69  6:00  Stalker  
  69  6:03  Probe  
  71  6:11  Probe  
  71  6:14  Stalker x2  
  72  6:22  Probe  
  72  6:23  Probe  
  72  6:28  Stalker  
  72  6:31  Forge  
  74  6:34  Probe  
  74  6:36  Probe  
  74  6:39  Stalker  
  78  6:43  Pylon  
  78  6:48  Protoss Ground Weapons Level 1 (Chrono Boost)  
  78  6:51  Gateway  
  78  6:56  Pylon  
  78  6:57  Probe x2  
  78  6:59  Charge (Chrono Boost)  
  78  7:01  Probe  
  79  7:02  Stalker x2  
  83  7:09  Probe x2  
  83  7:10  Stalker, Shield Battery  
  83  7:15  Probe  
  88  7:16  Robotics Facility  
  88  7:22  Probe x2  
  90  7:25  Sentry  
  92  7:31  Nexus  
  92  7:32  Probe  
  92  7:34  Pylon  
  92  7:35  Stalker  
  92  7:36  Stalker  
  97  7:42  Phoenix, Probe  
  98  7:44  Assimilator  
  98  7:48  Stalker  
  98  7:50  Gateway  
  100  7:53  Gateway  
  100  7:56  Pylon, Gateway  
  100  7:57  Gateway  
  100  8:04  Probe  
  101  8:06  Stalker x2  
  101  8:12  Stalker, Pylon  
  105  8:15  Observer  
  105  8:17  Zealot  
  105  8:19  Pylon, Shield Battery  
  110  8:25  Pylon  
  110  8:26  Probe  
  111  8:33  Photon Cannon, Probe  
  112  8:35  Adept x2  
  112  8:38  Stalker  
  118  8:46  Robotics Bay  
  118  8:48  Stalker x2  
  122  8:49  Stalker  
  122  8:54  Probe  
  122  8:55  Probe  
  126  9:03  Protoss Ground Weapons Level 2 (Chrono Boost)  
  126  9:05  Probe  
  126  9:07  Probe, Zealot  
  126  9:08  Zealot x4  
  136  9:14  Photon Cannon  
  134  9:21  Photon Cannon  
  134  9:22  Zealot x2  
  140  9:26  Zealot  
  140  9:27  Pylon  
  140  9:32  Disruptor (Chrono Boost), Zealot x3  
  149  9:38  Dark Shrine  
  149  9:47  Stalker x3  
  149  9:51  Assimilator  
  155  9:56  Assimilator  
  155  10:00  Pylon  
  155  10:05  Disruptor (Chrono Boost), Zealot x5  
  162  10:15  Probe  
  162  10:16  Probe  
  162  10:17  Probe  
  161  10:24  Zealot x3  
  161  10:27  Disruptor (Chrono Boost)  
  165  10:29  Probe x2  
  165  10:35  Nexus, Robotics Facility  
  170  10:36  Zealot x2  
  170  10:38  Pylon  
  174  10:43  Photon Cannon  
  174  10:44  Probe  
  175  10:56  Dark Templar  
  175  10:57  Dark Templar x2, Zealot x4  
  177  11:02  Probe  
  188  11:04  Pylon  
  188  11:06  Pylon  
  188  11:09  Probe  
  165  11:37  Stalker x8  
  174  11:41  Disruptor (Chrono Boost)  
  176  11:50  Disruptor (Chrono Boost)  
  176  12:00  Probe  
  171  12:02  Gateway  
  171  12:03  Stalker x5, Gateway  
  171  12:04  Stalker x2, Gateway  
  171  12:06  Gateway  
  185  12:09  Photon Cannon, Probe  
  185  12:11  Probe  
  185  12:13  Protoss Ground Weapons Level 3 (Chrono Boost)  
  185  12:14  Photon Cannon, Dark Templar  
  189  12:29  Observer  
  188  12:31  Dark Templar  
  188  12:32  Dark Templar, Zealot x4  
  184  12:57  Dark Templar x3  
  184  12:58  Zealot x4  
  168  13:24  Disruptor x2 (Chrono Boost)  
  162  13:34  Stalker x8  
  158  13:42  Probe x2  
  158  13:43  Probe  
  158  13:44  Assimilator  
  158  13:46  Zealot x4, Shield Battery, Assimilator  
  158  13:47  Photon Cannon, Pylon  
  158  13:48  Photon Cannon  
  167  13:56  Disruptor (Chrono Boost), Probe  
  165  14:07  Zealot x12  
  165  14:09  Disruptor  
  182  14:12  Probe  
  184  14:25  Disruptor  
  184  14:27  Dark Templar  
  184  14:28  Zealot x6  
  193  14:41  Zealot x5  
  195  14:46  Observer  
  194  14:59  Stalker x6  
  185  15:10  Pylon  
Show
View Real Time Build Order
Export as new Build Order

DnS Protoss 

Build Orders: Oracle Opening 

Get SALT Encoding   

  12  0:00  Probe  
  13  0:12  Probe  
  14  0:18  Pylon  
  14  0:24  Probe (Chrono Boost)  
  15  0:36  Probe (Chrono Boost)  
  15  0:38  Gateway  
  16  0:45  Probe (Chrono Boost)  
  16  0:47  Assimilator  
  17  0:50  Probe  
  18  1:00  Assimilator  
  18  1:03  Probe (Chrono Boost)  
  19  1:06  Pylon  
  20  1:12  Probe (Chrono Boost)  
  20  1:17  Probe (Chrono Boost)  
  21  1:25  Cybernetics Core  
  21  1:29  Probe  
  21  1:32  Zealot  
  24  1:44  Probe  
  25  1:56  Probe  
  26  2:04  Stargate  
  26  2:09  Probe  
  26  2:10  Stalker  
  30  2:30  Probe  
  30  2:31  Pylon  
  30  2:36  Warp Gate  
  30  2:38  Pylon  
  29  2:44  Nexus  
  29  2:49  Oracle (Chrono Boost)  
  32  3:00  Shield Battery  
  32  3:01  Probe  
  33  3:09  Stalker  
  35  3:15  Probe  
  36  3:22  Pylon  
  36  3:27  Probe  
  36  3:33  Twilight Council  
  37  3:39  Probe  
  35  3:51  Probe  
  33  3:57  Gateway  
  33  3:58  Probe  
  34  4:03  Probe  
  34  4:07  Blink (Chrono Boost)  
  35  4:10  Probe (Chrono Boost)  
  37  4:17  Probe (Chrono Boost)  
  37  4:22  Probe (Chrono Boost)  
  38  4:25  Stalker  
  38  4:27  Probe (Chrono Boost)  
  38  4:30  Probe (Chrono Boost)  
  42  4:32  Probe (Chrono Boost)  
  42  4:37  Probe  
  44  4:42  Probe, Gateway  
  42  4:48  Stalker  
  42  4:49  Probe  
  42  4:57  Phoenix, Probe (Chrono Boost)  
  45  5:01  Probe (Chrono Boost)  
  47  5:11  Probe x2 (Chrono Boost)  
  48  5:14  Stalker  
  48  5:16  Stalker  
  48  5:17  Probe  
  48  5:18  Probe  
  54  5:23  Pylon  
  54  5:29  Probe  
  54  5:32  Probe  
  54  5:34  Shield Battery  
  56  5:40  Stalker x2  
  60  5:43  Probe  
  60  5:45  Stalker  
  63  5:50  Pylon  
  63  5:53  Probe  
  63  5:55  Probe  
  65  6:04  Nexus  
  63  6:25  Stalker x3, Probe x2  
  63  6:29  Assimilator  
  63  6:37  Probe x2  
  65  6:42  Robotics Facility  
  65  6:44  Forge  
  65  6:49  Stalker, Probe x2  
  65  6:50  Stalker x2  
  73  6:56  Pylon  
  73  6:59  Pylon  
  73  7:10  Protoss Ground Weapons Level 1 (Chrono Boost)  
  73  7:11  Pylon  
  73  7:14  Probe x2 (Chrono Boost)  
  75  7:18  Probe (Chrono Boost)  
  75  7:19  Sentry  
  75  7:20  Stalker  
  80  7:23  Shield Battery  
  80  7:25  Probe x2 (Chrono Boost)  
  80  7:27  Probe (Chrono Boost)  
  84  7:30  Observer, Probe x2 (Chrono Boost)  
  84  7:32  Probe (Chrono Boost)  
  84  7:33  Assimilator  
  87  7:40  Stalker, Pylon, Probe x2  
  91  7:44  Probe, Assimilator  
  91  7:48  Charge  
  92  7:52  Probe  
  92  7:53  Observer  
  92  7:57  Probe x2  
  95  8:00  Gateway  
  95  8:01  Gateway  
  95  8:03  Gateway  
  95  8:05  Gateway  
  95  8:06  Gateway  
  95  8:09  Templar Archives  
  95  8:16  Stalker x2  
  99  8:26  Gateway  
  99  8:28  Gateway  
  99  8:34  Nexus  
  99  8:37  Pylon  
  99  8:47  Stalker x3  
  105  8:52  Pylon  
  105  8:54  Warp Prism  
  107  9:00  High Templar x2, Zealot  
  107  9:01  Zealot  
  114  9:04  Archon  
  114  9:05  Stalker  
  113  9:11  Probe x3  
  113  9:13  Protoss Ground Weapons Level 2 (Chrono Boost)  
  116  9:17  Nexus  
  116  9:18  Pylon  
  116  9:20  Robotics Bay  
  116  9:23  Probe, Assimilator  
  117  9:39  Shield Battery  
  117  9:40  Shield Battery  
  117  9:43  Robotics Facility  
  117  9:45  Probe x3  
  120  9:48  Photon Cannon, High Templar x2  
  120  9:49  Zealot x2  
  127  9:53  Archon  
  127  9:55  Zealot x2  
  127  9:58  Zealot  
  129  10:02  Zealot x2  
  129  10:06  Disruptor (Chrono Boost)  
  126  10:13  Zealot x3  
  127  10:15  Probe x3  
  130  10:27  Probe x3  
  130  10:28  Disruptor (Chrono Boost)  
  129  10:31  Robotics Facility  
  129  10:32  Photon Cannon  
  129  10:33  Probe  
  133  10:39  Probe  
  133  10:40  Dark Shrine  
  133  10:41  Probe  
  133  10:42  Probe  
  136  10:45  Probe  
  137  10:51  Probe  
  137  10:56  Probe  
  137  10:57  Stalker x4, Probe  
  140  11:01  Pylon  
  140  11:02  Pylon  
  140  11:03  Pylon  
  148  11:04  Photon Cannon  
  148  11:08  Observer  
  148  11:09  Assimilator  
  148  11:11  Assimilator  
  148  11:19  Disruptor (Chrono Boost)  
  148  11:20  Disruptor (Chrono Boost)  
  148  11:24  Zealot x2  
  148  11:25  Zealot x4  
  155  11:31  Protoss Ground Weapons Level 3  
  137  11:34  Zealot x2  
  137  11:37  Probe x2  
  137  11:38  Probe x2  
  137  11:47  High Templar x2  
  137  11:49  Disruptor (Chrono Boost)  
  137  11:51  Photon Cannon  
  137  11:52  Archon  
  144  11:54  Dark Templar  
  144  11:59  Probe  
  144  12:00  Probe x2  
  147  12:04  Disruptor (Chrono Boost)  
  150  12:13  Probe x4  
  152  12:18  Disruptor (Chrono Boost)  
  151  12:25  Probe x3  
  151  12:27  Phoenix  
  152  12:32  Stalker x2  
  156  12:38  Probe x2  
  150  12:48  Zealot x7  
  158  12:51  Disruptor x2  
  157  13:01  Stalker x3  
  157  13:04  Pylon  
  163  13:05  Pylon  
  163  13:07  Pylon  
  158  13:18  Zealot x7  
  148  13:29  Disruptor x2  
  112  13:42  Probe x3 (Chrono Boost)  
  112  13:48  Probe (Chrono Boost)  
  116  13:52  Probe x3 (Chrono Boost)  
  118  13:56  Stalker x8, Probe (Chrono Boost)  
  129  14:07  Disruptor x2  
  129  14:09  Dark Templar  
  128  14:10  Dark Templar  
  128  14:12  Probe x3  
  128  14:13  Probe  
  134  14:18  Photon Cannon  
  130  14:28  Probe x4  
  130  14:41  Stalker x3  
  130  14:42  Stalker x3  
  137  14:46  Zealot x2  
  135  14:54  Zealot x2  
  133  15:11  Zealot  
  133  15:12  Zealot x2  

Tags
 
Add a new tag
Caveats
  • Supply blocks, unpowered buildings, or Contaminate may cause inaccurate times.
  • Supply counts are checked every 10 seconds.